 Dungeon Crawl Stone Soup version 0.20-a0-1114-g33edf32 (webtiles) character file.

9608 Goblin1989 the Carver (level 11, 0/87 HPs)
             Began as a Demonspawn Assassin on May 6, 2017.
             Was a Believer of Okawaru.
             Slain by a crocodile (11 damage)
             ... on level 2 of the Lair of Beasts.
             The game lasted 00:38:37 (13760 turns).

Goblin1989 the Carver (Demonspawn Assassin)        Turns: 13760, Time: 00:38:38

Health: 0/87       AC: 15    Str: 14    XL:     11   Next: 25%
Magic:  11/11      EV:  9    Int: 13    God:    Okawaru [**....]
Gold:   648        SH: 10    Dex: 15    Spells: 10/10 levels left

rFire    . . .     SeeInvis .   a - +0 long sword
rCold    . . .     Gourm    .   h - +0 shield
rNeg     . . .     Faith    .   L - +0 chain mail
rPois    .         Spirit   .   (helmet restricted)
rElec    +         Reflect  .   d - +0 cloak
rCorr    +         Harm     .   B - +2 pair of gloves
MR       .....                  (no boots)
Stlth    ..........             (no amulet)
Regen    0.3/turn               y - +3 ring of slaying
MPRegen  0.2/turn               g - ring of resist corrosion

@: repel missiles
A: claws 1, horns 2, repulsion field 3, nightstalker 1, powered by death 2,
electricity resistance, wild magic 1
a: Heroism, Renounce Religion


You were on level 2 of the Lair of Beasts.
You worshipped Okawaru.
Okawaru was pleased with you.
You were near starving.

You visited 3 branches of the dungeon, and saw 12 of its levels.

You collected 648 gold pieces.

Inventory:

Hand Weapons
 a - a +0 long sword (weapon)
 b - a +2 dagger
 w - a +0 blowgun {@w1}
Missiles
 u - 8 poisoned needles
 D - 3 curare-tipped needles
Armour
 d - a +0 cloak (worn)
 h - a +0 shield (worn)
 t - a +0 ring mail
 A - a +1 leather armour of cold resistance
 B - a +2 pair of gloves (worn)
 L - a +0 chain mail (worn)
Magical Staves
 n - an uncursed staff of wizardry {!a}
Jewellery
 c - an uncursed ring of protection from cold
 g - a ring of resist corrosion (right hand)
 y - a +3 ring of slaying (left hand)
 G - a +5 ring of intelligence
Wands
 E - a wand of enslavement (16/24)
 I - a wand of iceblast (8/15)
Scrolls
 f - a scroll of blinking {unknown}
 j - 3 scrolls of enchant armour {unknown}
 m - 5 scrolls of identify {unknown}
 o - a scroll of amnesia {unknown}
 p - 5 scrolls of recharging {unknown}
 q - 4 scrolls of teleportation {unknown}
 r - 6 scrolls of remove curse {unknown}
 z - 2 scrolls of fear {unknown}
 J - 4 scrolls of random uselessness {unknown}
 M - a scroll of torment {unknown}
Potions
 i - 2 potions of magic
 k - a potion of berserk rage {unknown}
 l - a potion of lignification
 s - a potion of degeneration {unknown}
 v - 3 potions of curing {@q1}
 x - a potion of brilliance {unknown}
 F - a potion of agility
 K - a potion of haste {unknown}
Comestibles
 e - 8 bread rations {@e1}
 C - 3 meat rations {@e2}


   Skills:
 + Level 8.9 Fighting
 - Level 1.7(6.6) Short Blades
 * Level 10.0(10.1) Long Blades
 - Level 1.7 Throwing
 + Level 6.7 Armour
 - Level 1.1 Dodging
 - Level 3.6 Stealth
 + Level 7.1 Shields


You had 10 spell levels left.
You didn't know any spells.

Dungeon Overview and Level Annotations

Branches:
Dungeon (9/15)             Temple (1/1) D:5            Lair (2/6) D:8
  Swamp (0/4) Lair:2
  Snake: Lair:2-4    Spider: Lair:2-4       Orc: D:9-12

Altars:
Elyvilon
Fedhas
Okawaru
Qazlal
Ru
Uskayaw
Wu Jian
Xom
The Shining One

Shops:
D:8 !

Annotations:
D:4 braks's ghost, novice OpAr
D:5 exclusion: slave


Innate Abilities, Weirdness & Mutations

You have a pair of horns on your head.
You are surrounded by a strong repulsion field. (EV +4, RMsl)
You are slightly more attuned to the shadows.
You regenerate health from kills.
You have sharp fingernails.
You are resistant to electric shocks. (rElec)
Your spells are a little harder to cast, but a little more powerful.


Message History

The swamp dragon is moderately wounded.
The iguana dies!
You block the swamp dragon's attack.
The swamp dragon claws you but does no damage.
The swamp dragon tramples you.
You stumble backwards!
You take 4 damage, and have 72/87 hp.
You completely miss the swamp dragon.
The swamp dragon is lightly wounded.
The swamp dragon bites you!
The swamp dragon claws you but does no damage.
You block the swamp dragon's attack.
You take 12 damage, and have 60/87 hp.
You slash the swamp dragon! You headbutt the swamp dragon.
The swamp dragon is heavily wounded.
The water moccasin bites you but does no damage.
The crocodile misses you.
Unknown command.
You hit the swamp dragon.
The swamp dragon is heavily wounded.
The swamp dragon bites you but does no damage.
The swamp dragon claws you.
The swamp dragon tramples you but does no damage.
You block the water moccasin's attack. You block the crocodile's attack.
You take 2 damage, and have 58/87 hp.
You hit the swamp dragon but do no damage.
The swamp dragon is heavily wounded.
You block the water moccasin's attack.
The swamp dragon bites you but does no damage.
You block the swamp dragon's attack.
The swamp dragon tramples you but does no damage.
You hit the swamp dragon. Your headbutt misses the swamp dragon.
The swamp dragon is heavily wounded.
The crocodile bites you! The water moccasin bites you.
The swamp dragon closely misses you. x2; You block the swamp dragon's attack.
You take 13 damage, and have 45/87 hp.
Unknown command.
You hit the swamp dragon.
The swamp dragon is heavily wounded.
The water moccasin barely misses you.
The crocodile bites you but does no damage.
You hit the swamp dragon. You headbutt the swamp dragon.
The swamp dragon is severely wounded.
You block the swamp dragon's attack. x2; The swamp dragon tramples you.
You stumble backwards!
You take 3 damage, and have 43/87 hp.
Unknown command.
You barely miss the swamp dragon. Your headbutt misses the swamp dragon.
The swamp dragon is severely wounded.
You feel like a meek peon again. You block the water moccasin's attack.
You block the swamp dragon's attack. The swamp dragon claws you.
The swamp dragon barely misses you.
You take 3 damage, and have 40/87 hp.
You hit the swamp dragon. You headbutt the swamp dragon.
The swamp dragon is almost dead.
You block the crocodile's attack. The water moccasin bites you.
* * * LOW HITPOINT WARNING * * *
The swamp dragon bites you but does no damage.
The swamp dragon claws you but does no damage.
The swamp dragon barely misses you.
You take 4 damage, and have 36/87 hp.
You closely miss the swamp dragon. Your headbutt misses the swamp dragon.
The swamp dragon is almost dead.
The water moccasin bites you.
* * * LOW HITPOINT WARNING * * *
You block the crocodile's attack. The swamp dragon bites you!
* * * LOW HITPOINT WARNING * * *
The swamp dragon claws you but does no damage.
The swamp dragon closely misses you.
The water moccasin bites you but does no damage.
You take 13 damage, and have 23/87 hp.
You hit the swamp dragon.
You headbutt the swamp dragon, but do no damage.
The swamp dragon is almost dead.
The crocodile bites you but does no damage.
You block the water moccasin's attack. The swamp dragon bites you!
* * * LOW HITPOINT WARNING * * *
You block the swamp dragon's attack. The swamp dragon tramples you.
* * * LOW HITPOINT WARNING * * *
You stumble backwards!
You take 8 damage, and have 15/87 hp.
You hit the swamp dragon but do no damage.
The swamp dragon is almost dead.
The swamp dragon bites you!
* * * LOW HITPOINT WARNING * * *
The swamp dragon claws you but does no damage.
The swamp dragon tramples you but does no damage.
You take 8 damage, and have 7/87 hp.
You feel better.
You are near starving!
You block the water moccasin's attack. You block the crocodile's attack.
The water moccasin bites you but does no damage.
The swamp dragon bites you!
* * * LOW HITPOINT WARNING * * *
The swamp dragon barely misses you. The swamp dragon completely misses you.
You regained 4 hp, and now have 11/87 hp.
You hit the swamp dragon but do no damage.
You headbutt the swamp dragon.
The swamp dragon is almost dead.
The crocodile bites you!
You die...

>§..........█
.P.........█
.█.........█
██........██ §
█...†..<.P█
..██........██
=...........██
.....tDS.....█
..██..@.....██
.............█
..█..........█
...█.........█
.?█..........█
..█..........█
..........██
.........█
.........█


You could see a swamp dragon, a water moccasin and a crocodile.

Vanquished Creatures
  3 death yaks (D:8)
  A black mamba (Lair:1)
  Joseph (D:7)
  A spiny frog (Lair:1)
  A komodo dragon (Lair:1)
  4 blink frogs (Lair:1)
  A hippogriff (Lair:1)
  A basilisk (Lair:1)
  A spriggan (D:7)
  9 yaks
  A hungry ghost (D:7)
  2 water moccasins
  5 porcupines (Lair:1)
  2 black bears
  4 phantoms
  2 ice beasts (D:7)
  2 sky beasts
  A necrophage (D:8)
  An ogre (D:6)
  A centaur (D:8)
  3 crocodiles (Lair:1)
  A wyvern zombie (D:6)
  4 bullfrogs
  4 scorpions
  4 wights (D:8)
  3 howler monkeys
  7 crimson imps
  3 jellies
  A quasit (D:9)
  A centaur skeleton (D:5)
  3 hounds
  An orc priest (D:7)
  3 bullfrog skeletons
  5 worker ants
  2 iguanas
  Robin (D:3)
  7 gnolls
  A worker ant zombie (D:7)
  12 adders
  3 oozes
  An adder zombie (D:7)
  2 adder skeletons
  2 worms
  A dart slug (D:2)
  4 leopard geckos
  8 orcs
  9 giant cockroaches
  12 goblins
  8 hobgoblins
  21 jackals
  7 kobolds
  3 quokkas
  3 ball pythons
  5 bats
  7 frilled lizards
  A quokka skeleton (D:4)
  10 rats
217 creatures vanquished.

Vanquished Creatures (others)
  An iguana (Lair:2)
1 creature vanquished.

Grand Total: 218 creatures vanquished

Notes
Turn   | Place    | Note
-------+----------+-------------------------------------------
     0 | D:1      | Goblin1989 the Demonspawn Assassin began the quest for the Orb.
     0 | D:1      | Reached XP level 1. HP: 16/16 MP: 1/1
    96 | D:1      | Gained mutation: You are surrounded by a mild repulsion field. (EV +2) [demonic ancestry]
    96 | D:1      | Reached XP level 2. HP: 11/23 MP: 2/2
  1163 | D:1      | Gained mutation: You are surrounded by a moderate repulsion field. (EV +3) [demonic ancestry]
  1163 | D:1      | Reached XP level 3. HP: 29/29 MP: 3/3
  1478 | D:2      | Reached skill level 1 in Shields
  2091 | D:3      | Gained mutation: You are slightly more attuned to the shadows. [demonic ancestry]
  2091 | D:3      | Reached XP level 4. HP: 37/37 MP: 4/4
  2357 | D:3      | Noticed Robin
  2373 | D:3      | Killed Robin
  2731 | D:3      | Gained mutation: You have a pair of small horns on your head. [demonic ancestry]
  2731 | D:3      | Reached XP level 5. HP: 40/43 MP: 5/5
  2838 | D:3      | Reached skill level 1 in Dodging
  3185 | D:3      | Found a glowing golden altar of the Shining One.
  3391 | D:3      | Found a stormy altar of Qazlal.
  3392 | D:3      | Noticed a fire elemental
  3393 | D:3      | Noticed a water elemental
  3394 | D:3      | Noticed an air elemental
  3520 | D:3      | Reached skill level 1 in Long Blades
  3627 | D:3      | Noticed a phantom
  3853 | D:4      | Found a blossoming altar of Fedhas.
  4283 | D:4      | Gained mutation: You regenerate a little health from kills. [demonic ancestry]
  4283 | D:4      | Reached XP level 6. HP: 42/50 MP: 6/6
  4416 | D:4      | Reached skill level 5 in Fighting
  4416 | D:4      | Reached skill level 2 in Long Blades
  4416 | D:4      | Reached skill level 1 in Armour
  4463 | D:4      | Noticed braks's ghost (novice OpAr)
  5155 | D:5      | Entered Level 5 of the Dungeon
  5279 | D:5      | Noticed a sky beast
  5300 | D:5      | Killed a sky beast
  5672 | D:5      | Noticed a slave
  5833 | D:5      | Reached skill level 3 in Long Blades
  5833 | D:5      | Reached XP level 7. HP: 46/56 MP: 7/7
  6774 | D:6      | Reached skill level 4 in Long Blades
  7365 | D:7      | Found a sacrificial altar of Ru.
  7424 | D:7      | Reached XP level 8. HP: 64/64 MP: 8/8
  7684 | D:7      | Reached skill level 5 in Long Blades
  8593 | D:7      | Noticed Joseph
  8606 | D:7      | Reached skill level 6 in Long Blades
  8614 | D:7      | Killed Joseph
  8614 | D:7      | Gained mutation: You regenerate health from kills. [demonic ancestry]
  8614 | D:7      | Reached XP level 9. HP: 55/71 MP: 9/9
  8742 | D:7      | Reached skill level 5 in Shields
  9558 | D:8      | Reached skill level 7 in Long Blades
  9870 | D:8      | Found a staircase to the Lair.
  9894 | D:8      | Noticed a death yak
  9895 | D:8      | Noticed a death yak
  9896 | D:8      | Noticed a death yak
  9897 | D:8      | Noticed a death yak
  9897 | D:8      | Noticed a death yak
  9898 | D:8      | Noticed a death yak
  9905 | D:8      | Killed a death yak
  9905 | D:8      | Reached skill level 5 in Armour
  9916 | D:8      | Killed a death yak
  9916 | D:8      | Reached skill level 8 in Long Blades
  9916 | D:8      | Gained mutation: You have a pair of horns on your head. [demonic ancestry]
  9916 | D:8      | Reached XP level 10. HP: 51/80 MP: 10/10
  9925 | D:8      | Killed a death yak
 10501 | D:9      | HP: 3/80 [yak (3)]
 10502 | D:9      | Gained mutation: You are surrounded by a strong repulsion field. (EV +4, RMsl) [potion of mutation]
 10502 | D:9      | Gained mutation: You have sharp fingernails. [potion of mutation]
 10502 | D:9      | Gained mutation: You are resistant to electric shocks. (rElec) [potion of mutation]
 10502 | D:9      | Gained mutation: Your spells are a little harder to cast, but a little more powerful. [potion of mutation]
 10870 | D:8      | Reached skill level 9 in Long Blades
 10989 | D:5      | Found a staircase to the Ecumenical Temple.
 10998 | Temple   | Entered the Ecumenical Temple
 11089 | Temple   | Became a worshipper of Warmaster Okawaru
 11242 | D:8      | Found Losid Kiunk's Distillery.
 11264 | Lair:1   | Entered Level 1 of the Lair of Beasts
 11453 | Lair:1   | Reached * piety under Okawaru
 11878 | Lair:1   | Mutation became permanent: You are surrounded by a moderate repulsion field. (EV +3) [demonic ancestry]
 11878 | Lair:1   | Gained mutation: You are surrounded by a strong repulsion field. (EV +4, RMsl) [demonic ancestry]
 11878 | Lair:1   | Reached XP level 11. HP: 54/87 MP: 11/11
 12178 | Lair:1   | You fall through a shaft!
 12701 | Lair:1   | Reached ** piety under Okawaru
 13130 | Lair:1   | Reached skill level 10 in Long Blades
 13735 | Lair:2   | Noticed a swamp dragon
 13739 | Lair:2   | Found a staircase to the Swamp.
 13760 | Lair:2   | Slain by a crocodile

Vault maps used:
D:1:      ncdulo_smallfort
D:2:      first_bread, st_stairs_6
D:3:      lemuel_crystal_altar, minmay_fountain_box,
          nicolae_qazlal_style_of_elements, uniq_crazy_yiuf_cottage, uniq_robin
D:4:      lemuel_round_altar
D:5:      nicolae_overflow_hidden_temple, temple_green, st_stairs_12, uniq_pikel
D:6:      hangedman_decor_slide_cut
D:7:      the_bakery, nicolae_ru_path_of_blood, uniq_joseph
D:8:      dpeg_lair_monsters, serial_shops, shop
Temple:   dpeg_five_rooms_temple
Lair:1:   beast_lair_carwin_4
Lair:2:   minmay_swamp_entry_reptiles

Skill      XL: |  1  2  3  4  5  6  7  8  9 10 11 |
---------------+----------------------------------+-----
Fighting       | 3 4 5 6 7 8 |  8.9
Shields        | 1 2 3 4 6 7 |  7.1
Dodging        | 1 |  1.1
Long Blades    | 1 3 4 6 8 9 10 | 10.0
Armour         | 1 2 4 5 6 |  6.7
Short Blades   | |  1.7
Throwing       | |  1.7
Stealth        | |  3.6

Action                   |  1- 3 |  4- 6 |  7- 9 | 10-12 || total
-------------------------+-------+-------+-------+-------++-------
Melee: Dagger            |   162 |    85 |       |       ||   247
       Falchion          |       |   212 |   514 |       ||   726
       Headbutt          |       |    31 |   130 |    74 ||   235
       Long sword        |       |       |    48 |   261 ||   309
 Fire: Blowgun           |       |     1 |     2 |     6 ||     9
Invok: Heroism           |       |       |       |     3 ||     3
  Use: Potion            |       |     1 |     2 |     9 ||    12
 Stab: Sleeping          |     5 |    19 |    11 |       ||    35
       Distracted        |       |     3 |     1 |       ||     4
  Eat: Chunk             |     4 |    12 |     5 |     4 ||    25
       Bread ration      |       |       |     1 |       ||     1
       Fruit             |       |       |     2 |       ||     2
       Royal jelly       |       |       |     2 |     1 ||     3
       Meat ration       |       |       |       |     1 ||     1
Armor: Robe              |    29 |    52 |       |       ||    81
       Skin              |       |    13 |       |       ||    13
       Ring mail         |       |    21 |   118 |       ||   139
       Leather armour    |       |       |    20 |     1 ||    21
       Chain mail        |       |       |       |   123 ||   123
Dodge: Dodged            |    87 |   152 |   224 |    97 ||   560
Block: Shield            |    29 |   148 |   213 |   145 ||   535
       Rpst.: Falchion   |       |    41 |    56 |       ||    97
       Long sword        |       |       |    12 |    24 ||    36

Vault maps used:
D:1:      ncdulo_smallfort
D:2:      first_bread, st_stairs_6
D:3:      lemuel_crystal_altar, minmay_fountain_box,
          nicolae_qazlal_style_of_elements, uniq_crazy_yiuf_cottage, uniq_robin
D:4:      lemuel_round_altar
D:5:      nicolae_overflow_hidden_temple, temple_green, st_stairs_12, uniq_pikel
D:6:      hangedman_decor_slide_cut
D:7:      the_bakery, nicolae_ru_path_of_blood, uniq_joseph
D:8:      dpeg_lair_monsters, serial_shops, shop
Temple:   dpeg_five_rooms_temple
Lair:1:   beast_lair_carwin_4
Lair:2:   minmay_swamp_entry_reptiles
